 Dungeon Crawl Stone Soup version 0.19.0-19-g8c6edcc (webtiles) character file.

65 RaHiT the Slasher (level 3, -10/23 HPs)
             Began as a Demonspawn Chaos Knight on Nov 16, 2016.
             Mangled by a shadow (24 damage)
             ... summoned by the capriciousness of Xom
             ... on level 3 of the Dungeon.
             The game lasted 00:11:22 (2448 turns).

RaHiT the Slasher (Demonspawn Chaos Knight)         Turns: 2448, Time: 00:11:22

Health: -10/23     AC:  9    Str: 13    XL:     3   Next: 92%
Magic:  3/3        EV: 11    Int: 13    God:    Xom [.*....]
Gold:   173        SH:  0    Dex: 12    Spells: 0 memorised, 2 levels left

rFire  . . .     SeeInvis .     a - +0 falchion (chaos)
rCold  . . .     Gourm    .     b - +2 leather armour
rNeg   . . .     Faith    .     (no shield)
rPois  .         Spirit   .     (no helmet)
rElec  .         Reflect  .     y - +2 cloak
rCorr  .         Harm     .     (no gloves)
MR     .....                    t - +0 pair of boots
Stlth  +.........               (no amulet)
                                (no ring)
                                (no ring)

@: no status effects
A: demonic guardian 1, deterioration 1, frail 2, spiny 1
a: Renounce Religion


You were on level 3 of the Dungeon.
You worshipped Xom.
You were a plaything of Xom.
You were not hungry.

You visited 1 branch of the dungeon, and saw 3 of its levels.

You collected 173 gold pieces.

Inventory:

Hand Weapons
 a - a +0 falchion of chaos (weapon)
 w - a +0 hunting sling
Missiles
 d - 104 stones (quivered)
 e - 55 bolts
 i - 19 poisoned needles
 l - 8 needles of confusion
 o - 36 arrows
 s - 33 sling bullets
Armour
 b - a +2 leather armour (worn)
 t - a +0 pair of boots (worn)
 y - a +2 cloak (worn)
Jewellery
 x - an uncursed ring of wizardry {unknown}
Scrolls
 g - 2 scrolls of identify {unknown}
 m - 2 scrolls of remove curse {unknown}
 r - a scroll of random uselessness {unknown}
Potions
 f - a potion of ambrosia {unknown}
 j - a potion of heal wounds {unknown}
 k - a potion of brilliance {unknown}
 p - a potion of might {unknown}
 q - a potion of flight {unknown}
 u - a potion of curing {unknown}
 z - a potion of lignification {unknown}
Comestibles
 c - a bread ration
 h - 4 meat rations
 n - 4 fruits
 v - 3 chunks of flesh


   Skills:
 - Level 3.0 Fighting
 * Level 4.0 Long Blades
 - Level 2.0 Armour
 + Level 1.6 Dodging


You had 2 spell levels left.
You didn't know any spells.

Dungeon Overview and Level Annotations

Branches:
Dungeon (3/15)

Altars:


Innate Abilities, Weirdness & Mutations

A weak demonic guardian rushes to your aid.
You are partially covered in sharp spines.
Your body sometimes deteriorates upon taking damage.
You are very frail. (-20% HP)


Message History

The shadow is struck by your spines. The shadow hits you.
The shadow slips into darkness.
The shadow flickers and vanishes!
Deactivating autopickup; reactivate with Ctrl-A.
Your shadow imp hits something but does no damage.
Your shadow imp barely misses something.
You hit the shadow but do no damage.
The shadow is lightly damaged.
The shadow hits you.
You hit the shadow but do no damage.
The air around the shadow crackles with energy!
The shadow is lightly damaged.
The shadow slips into darkness.
The shadow flickers and vanishes!
Your shadow imp closely misses something.
You barely miss something.
The shadow strikes at you from the darkness!
Ouch! That really hurt!
You die...
Xom laughs nastily!

#..........##.#
#.............#
#..........####
#..........#
####..⌠..###
#.♣5♣.# #..{..#
###{### #@# #.#
#.# #.# #.# #.#
#.# ...


You could see a friendly shadow imp.

Vanquished Creatures
  An adder (D:2)
  An ooze (D:2)
  2 worms (D:2)
  A dart slug (D:2)
  A leopard gecko (D:2)
  2 ball pythons (D:1)
  3 giant cockroaches (D:1)
  9 goblins
  4 hobgoblins
  A jackal (D:3)
  6 kobolds
  2 bats (D:1)
  A frilled lizard (D:2)
  5 rats
39 creatures vanquished.

Notes
Turn   | Place    | Note
-------+----------+-------------------------------------------
     0 | D:1      | RaHiT the Demonspawn Chaos Knight began the quest for the Orb.
     0 | D:1      | Reached XP level 1. HP: 18/18 MP: 1/1
   119 | D:1      | XOM: harmless Erth miscast
   216 | D:1      | Reached skill level 3 in Long Blades
   221 | D:1      | Reached skill level 1 in Dodging
   251 | D:1      | Gained mutation: You are partially covered in sharp spines. [demonic ancestry]
   251 | D:1      | Reached XP level 2. HP: 24/24 MP: 2/2
   272 | D:1      | XOM: divination: detect items
   334 | D:1      | XOM: divination: detect items
   359 | D:1      | XOM: divination: detect creatures
   499 | D:1      | XOM: give mutation
   499 | D:1      | Gained mutation: You are frail. (-10% HP) [Xom's mischief]
   504 | D:1      | XOM: torment (12/21 hp)
  1002 | D:2      | XOM: god gift: grey potion {god gift}
  1035 | D:2      | Gained mutation: A weak demonic guardian rushes to your aid. [demonic ancestry]
  1035 | D:2      | Reached XP level 3. HP: 21/26 MP: 3/3
  1075 | D:2      | XOM: butterfly on damage
  1119 | D:1      | XOM: harmless Necr miscast
  1598 | D:2      | XOM: give mutations
  1598 | D:2      | Gained mutation: Your body sometimes deteriorates upon taking damage. [Xom's mischief]
  1598 | D:2      | Gained mutation: You are very frail. (-20% HP) [Xom's mischief]
  1747 | D:2      | XOM: butterfly on damage
  2411 | D:3      | Reached skill level 4 in Long Blades
  2440 | D:3      | XOM: medium Necr miscast
  2441 | D:3      | Noticed a shadow
  2441 | D:3      | Noticed a shadow
  2448 | D:3      | Mangled by a shadow

Skill      XL: |  1  2  3 |
---------------+----------+-----
Long Blades    | 3 4 |  4.0
Dodging        | 1 |  1.6
Armour         | 2 |  2.0
Fighting       | |  3.0

Action                   || total
-------------------------++-------
Melee: Falchion          ||   101
Throw: Stone             ||    18
 Stab: Petrified         ||     4
  Eat: Chunk             ||     5
Armor: Leather armour    ||    16
Dodge: Dodged            ||    42
       Rpst.: Falchion   ||    15
